 Dungeon Crawl Stone Soup version 0.25-a0-287-g56a5b49892 (webtiles) character file.

Game seed: 10646846377504668956, levelgen mode: deterministic

544544 Enroth the Axe Maniac (level 26, 0/252 HPs)
             Began as a Hill Orc Fighter on Nov 21, 2019.
             Was the Champion of Beogh.
             Slain by a hell beast (10 damage)
             ... summoned by Geryon
             ... in the Vestibule of Hell on Dec 12, 2019.
             The game lasted 05:16:54 (43058 turns).

Enroth the Axe Maniac (Hill Orc Fighter)           Turns: 43058, Time: 05:16:55

Health: 0/252      AC: 25    Str: 35    XL:     26   Next: 10%
Magic:  0/27       EV:  8    Int: 12    God:    Beogh [******]
Gold:   4482       SH: 22    Dex: 15    Spells: 25/44 levels left

rFire    + + +     SeeInvis +   q - +4 broad axe "Oxkaet" {drain, rElec Str+3}
rCold    + . .     Gourm    .   j - +1 shield "Merhasm" {rF++ Regen+ MP-9 Int+4}
rNeg     + . .     Faith    .   k - +0 gold dragon scales
rPois    +         Spirit   +   p - +2 hat {SInv}
rElec    +         Reflect  .   V - scarf {Spirit}
rCorr    .         Harm     .   P - +0 pair of gloves of Springtime {Int-2 Dex+6}
MR       +++..                  l - +2 pair of boots {Stlth+}
Stlth    ..........             U - amulet of Vitality {Regen+ HP+15}
HPRegen  1.32/turn              b - ring of Peace {*Drain rF+ MR+ Str+3 Dex-3} (curse)
MPRegen  0.20/turn              g - ring "Dij Ludy" {rN+ MR+ Str+2}

@: weakened, studying Short Blades, drained, invisible
A: walk on water, hooves 1, large bone plates 1, agile 1, sense surroundings 1,
weak 1, MP-powered wands
}: 3/15 runes: decaying, serpentine, silver
a: Smiting, Recall Orcish Followers, Give Item to Named Follower, Resurrection,
Renounce Religion


You were in the Vestibule of Hell.
You worshipped Beogh.
Beogh was exalted by your worship.
You were not hungry.

You visited 11 branches of the dungeon, and saw 43 of its levels.
You also visited: Trove, Ice Cave and Desolation.

You collected 6069 gold pieces.
You spent 1587 gold pieces at shops.

Inventory:

Hand Weapons
 q - the +4 broad axe "Oxkaet" (weapon) {drain, rElec Str+3}
   (You acquired it on level 3 of the Lair of Beasts)

   A truly terrible weapon, it drains the life of those it strikes.
   It affects your strength (+3).
   It insulates you from electricity.
 t - a +4 vampiric great sword
 K - the +10 spear "Doinymia" {pierce, *Contam rPois Int+4 Dex+3}
   (You found it on level 5 of the Vaults)

   It inflicts extra damage upon your enemies.
   It affects your intelligence (+4).
   It affects your dexterity (+3).
   It protects you from poison.
   It causes magical contamination when unequipped.
 W - the +9 battleaxe "Zutwee" {chop, rPois rF+ Str+4}
   (You found it on level 3 of the Elven Halls)

   It inflicts extra damage upon your enemies.
   It affects your strength (+4).
   It protects you from fire.
   It protects you from poison.
 Z - a +9 lajatang of electrocution
Armour
 j - the +1 shield "Merhasm" (worn) {rF++ Regen+ MP-9 Int+4}
   (You found it in a treasure trove)

   It affects your intelligence (+4).
   It greatly protects you from fire.
   It affects your magic capacity (-9).
   It increases your rate of regeneration.
 k - +0 gold dragon scales (worn)
 l - a +2 pair of boots of stealth (worn)
 p - a +2 hat of see invisible (worn)
 M - a scarf of cloud immunity
 P - the +0 pair of gloves of Springtime (worn) {Int-2 Dex+6}
   (You acquired it on level 1 of the Snake Pit)

   It affects your intelligence (-2).
   It affects your dexterity (+6).
 V - a scarf of spirit shield (worn)
Jewellery
 b - the cursed ring of Peace (left hand) {*Drain rF+ MR+ Str+3 Dex-3}
   (You bought it in a shop on level 2 of the Orcish Mines)

   [ring of dexterity]

   It affects your strength (+3).
   It affects your dexterity (-3).
   It protects you from fire.
   It affects your resistance to hostile enchantments.
   It causes draining when unequipped.
   It has a curse placed upon it.
 c - an uncursed ring of protection from magic
 g - the ring "Dij Ludy" (right hand) {rN+ MR+ Str+2}
   (You found it in a treasure trove)

   [ring of positive energy]

   It affects your strength (+2).
   It protects you from negative energy.
   It affects your resistance to hostile enchantments.
 n - the ring "Puvua" {rCorr Int+5 SInv}
   (You took it off a yaktaur captain on level 5 of the Vaults)

   [ring of resist corrosion]

   It affects your intelligence (+5).
   It lets you see invisible.
   It provides partial protection from all sources of acid and corrosion.
 E - the ring of Immorality {Wiz rC+ Str+3 Slay+3}
   (You found it on level 3 of the Elven Halls)

   [ring of wizardry]

   It improves your spell success rate.
   It affects your strength (+3).
   It affects your accuracy and damage with ranged weapons and melee attacks
   (+3).
   It protects you from cold.
 U - the amulet of Vitality (around neck) {Regen+ HP+15}
   (You found it on level 2 of the Snake Pit)

   [amulet of regeneration]

   It affects your health (+15).
   It increases your rate of regeneration.
Wands
 a - a wand of digging (11)
 e - a wand of iceblast (56)
 v - a wand of disintegration (48)
 x - a wand of enslavement (10)
 A - a wand of polymorph (11)
 H - a wand of acid (17)
 O - a wand of scattershot (3)
 Q - a wand of paralysis (5)
Scrolls
 m - 26 scrolls of teleportation
 r - 3 scrolls of identify
 s - 21 scrolls of remove curse
 w - 2 scrolls of summoning
 y - 5 scrolls of blinking
 J - a scroll of enchant weapon
 L - 6 scrolls of fear
 N - 3 scrolls of amnesia
 X - a scroll of fog
Potions
 h - 6 potions of magic
 o - 2 potions of invisibility
 z - 2 potions of agility
 C - 2 potions of mutation
 D - a potion of curing
 F - a potion of haste
 G - a potion of cancellation
 I - 3 potions of heal wounds
 S - 5 potions of might
Books
 R - a manual of Short Blades
Miscellaneous
 d - a fan of gales
 B - a phantom mirror
Comestibles
 f - 67 rations


   Skills:
 + Level 19.4(18.5) Fighting
 O Level 27(25.9) Axes
   Level 2.0(15.4) Maces & Flails
 + Level 12.3(11.6) Armour
 - Level 3.4(2.8) Dodging
 - Level 9.0(8.3) Stealth
 + Level 20.3(19.4) Shields
 * Level 9.9(9.2) Spellcasting
 - Level 10.0(9.3) Charms
 * Level 5.2(4.6) Necromancy
 * Level 3.9(3.3) Transmutations
 - Level 9.4(8.7) Air Magic
 + Level 3.3(2.7) Invocations
 + Level 3.5(2.9) Evocations


You had 25 spell levels left.
You knew the following spells:

 Your Spells              Type           Power        Failure   Level  Hunger
a - Deflect Missiles      Chrm/Air       ####......   100%        6    #######
b - Shroud of Golubria    Chrm/Tloc      ###...       38%         2    None
c - Regeneration          Chrm/Necr      ###.......   32%         3    ##.....
d - Necromutation         Tmut/Necr      ###.......   100%        8    #######

Your spell library contained the following spells:

 Spells                   Type           Power        Failure   Level  Hunger
 Infusion                 Chrm           ####         4%          1    None
 Song of Slaying          Chrm           ####....     6%          2    None
 Animate Skeleton         Necr           N/A          28%         1    None
 Pain                     Necr           ###.         28%         1    None
 Beastly Appendage        Tmut           ##....       43%         1    None
 Poisonous Vapours        Pois/Air       ###...       43%         2    None
 Sticks to Snakes         Tmut           ##......     58%         2    None
 Spectral Weapon          Hex/Chrm       ###.....     63%         3    ##.....
 Mephitic Cloud           Conj/Pois/Air  ##......     86%         3    ##.....
 Apportation              Tloc           #.....       88%         1    None
 Confusing Touch          Hex            #.....       88%         1    None
 Corona                   Hex            #......      88%         1    None
 Foxfire                  Conj/Fire      #...         88%         1    None
 Freeze                   Ice            #...         88%         1    None
 Magic Dart               Conj           #...         88%         1    None
 Summon Small Mammal      Summ           #...         88%         1    None
 Blink                    Tloc           N/A          96%         2    None
 Call Imp                 Summ           #.......     96%         2    None
 Ensorcelled Hibernation  Hex/Ice        #.....       96%         2    None
 Searing Ray              Conj           #.....       96%         2    None
 Slow                     Hex            #.......     96%         2    None
 Spider Form              Tmut/Pois      #.........   96%         3    ##.....
 Animate Dead             Necr           N/A          96%         4    ####...
 Ignite Poison            Fire/Tmut/Pois #.......     98%         3    ##.....
 Call Canine Familiar     Summ           #.......     99%         3    ##.....
 Confuse                  Hex            #.......     99%         3    ##.....
 Conjure Flame            Conj/Fire      #.......     99%         3    ##.....
 Dazzling Flash           Conj/Hex       #.....       99%         3    ##.....
 Gell's Gravitas          Tloc           #.........   99%         3    ##.....
 Inner Flame              Hex/Fire       #.......     99%         3    ##.....
 Portal Projectile        Hex/Tloc       #.....       99%         3    ##.....
 Recall                   Summ/Tloc      N/A          99%         3    ##.....
 Tukima's Dance           Hex            #.......     99%         3    ##.....
 Cause Fear               Hex            #.........   100%        4    ####...
 Fulminant Prism          Conj/Hex       #.........   100%        4    ####...
 Hailstorm                Conj/Ice       #.......     100%        4    ####...
 Ice Form                 Ice/Tmut       #.......     100%        4    ####...
 Iskenderun's Mystic Bla  Conj/Tloc      #.......     100%        4    ####...
 Leda's Liquefaction      Hex/Erth       #.........   100%        4    ####...
 Petrify                  Tmut/Erth      #.......     100%        4    ####...
 Sticky Flame             Conj/Fire      #.......     100%        4    ####...
 Summon Ice Beast         Ice/Summ       #.......     100%        4    ####...
 Aura of Abjuration       Summ           #.........   100%        5    #####..
 Blade Hands              Tmut           ##........   100%        5    #####..
 Borgnjor's Vile Clutch   Necr/Erth      ##........   100%        5    #####..
 Fireball                 Conj/Fire      #.........   100%        5    #####..
 Irradiate                Conj/Tmut      #.........   100%        5    #####..
 Metabolic Englaciation   Hex/Ice        #.........   100%        5    #####..
 Silence                  Hex/Air        ###.......   100%        5    #####..
 Summon Demon             Summ           #.........   100%        5    #####..
 Summon Forest            Summ/Tloc      #.........   100%        5    #####..
 Summon Mana Viper        Hex/Summ       #.......     100%        5    #####..
 Yara's Violent Unravell  Hex/Tmut       #.........   100%        5    #####..
 Darkness                 Hex            #.........   100%        6    #######
 Death Channel            Necr           ###.......   100%        6    #######
 Freezing Cloud           Conj/Ice/Air   ##........   100%        6    #######
 Hydra Form               Tmut           ##........   100%        6    #######
 Ozocubu's Refrigeration  Ice            #.........   100%        6    #######
 Shadow Creatures         Summ           N/A          100%        6    #######
 Simulacrum               Ice/Necr       ##........   100%        6    #######
 Starburst                Conj/Fire      #.........   100%        6    #######
 Statue Form              Tmut/Erth      #........    100%        6    #######
 Dragon Form              Tmut           ##........   100%        7    #######
 Haunt                    Necr/Summ      ##........   100%        7    #######
 Malign Gateway           Summ/Tloc      #.........   100%        7    #######
 Ring of Flames           Chrm/Fire      ###.......   100%        7    #######
 Borgnjor's Revivificati  Necr           ###.......   100%        8    #######
 Controlled Blink         Tloc           N/A          100%        8    #######
 Death's Door             Chrm/Necr      ###.......   100%        8    #######
 Discord                  Hex            #.........   100%        8    #######
 Ignition                 Fire           #.........   100%        8    #######
 Infestation              Necr           ###.......   100%        8    #######
 Dragon's Call            Summ           #.........   100%        9    #######


Dungeon Overview and Level Annotations

Branches:
Dungeon (15/15)            Temple (1/1) D:7            Lair (6/6) D:8
  Swamp (4/4) Lair:2        Snake (4/4) Lair:4        Slime (1/5) Lair:5
    Orc (2/2) D:10            Elf (3/3) Orc:2        Vaults (5/5) D:13
  Crypt (0/3) Vaults:3     Depths (1/5) D:15           Hell (1/1)
  IceCv (visited)         Desolation (visited)
    Dis: Hell:1         Geh: Hell:1         Coc: Hell:1         Tar: Hell:1

Altars:
Ashenzari
Cheibriados
Dithmenos
Elyvilon
Fedhas
Gozag
Hepliaklqana
Kikubaaqudgha
Makhleb
Nemelex Xobeh
Okawaru
Qazlal
Ru
Sif Muna
Trog
Uskayaw
Vehumet
Wu Jian
Xom
Yredelemnul
Zin
The Shining One
Beogh
Jiyva

Shops:
D:4 %   D:8 *   D:9 *   Orc:2 [===   Snake:1 [:}?   Vaults:2 [   Vaults:4 [

Portals:
Hell: Depths:1

Annotations:
Lair:6 exclusion: oklob plant
Hell Geryon


Innate Abilities, Weirdness & Mutations

You can walk on water.
You have large cloven feet.
You are partially covered in large bone plates. (SH +4)
You are agile. (Dex +2)
You passively map a small area around you.
You are weak. (Str -2)
You expend magic power (3 MP) to strengthen your wands.


Message History

The hell beast tramples you but does no damage.
The hell beast bites you but does no damage.
The hell beast tramples you.
* * * LOW HITPOINT WARNING * * *
You hold your ground!
The hell beast bites you but does no damage.
You block the hell beast's attack. The reaper hits you but does no damage.
The hell beast closely misses you.
The hell beast tramples you but does no damage.
You block Geryon's attack.
The blizzard demon hits you but does no damage. x2
Urtork hits the reaper with a +2 short sword of distortion!!
The reaper dies!
Beogh accepts your kill. You block the hell beast's attack.
The hell beast barely misses you. The hell beast bites you.
* * * LOW HITPOINT WARNING * * *
The hell beast tramples you but does no damage.
The hell beast bites you!
You die...

≈ ≈
................. ≈
.≈................ ≈
≈...............(.
≈.......p.........,
≈ ≈≈≈...............
≈≈.≈....(......... ,
........†[.(....∩.,
, ......222∩÷......∩
, ......2@3.o[....p.
, , ≈
≈≈≈≈..222)2(......
≈≈
≈≈≈^.....&........ ,
,
≈≈≈≈≈...............
≈ ≈≈...........p....
, ≈
.................. ,
≈ ≈
.................. ,
.................. ≈
, , , ,


You could see Geryon, 7 hell beasts, a blizzard demon, 2 hell knights, a soul
eater and the friendly Urtork the orc warlord.

Vanquished Creatures
  Sojobo (Depths:1)
  Nikola (Swamp:1)
  A bone dragon (Swamp:4)
  2 golden dragons (Vaults:5)
  2 tentacled monstrosities (Vaults:5)
  3 titans (Vaults:5)
  A lich (Depths:1)
  Jorgrun (Swamp:3)
  2 deep elf blademasters (Elf:3)
  Murray (Hell)
  An ancient champion (Vaults:3)
  A sphinx (Vaults:2)
  2 thorn hunters
  Kirke (D:14)
  A storm dragon (Vaults:5)
  2 tengu reavers
  The ghost of Sysesoek the Metallomancer, an adept DEEE of Sif Muna (Snake:2)
  3 shadow dragons (Vaults:5)
  Roxanne (Elf:1)
  3 fire giants
  2 deep elf sorcerers
  The ghost of Oxezuex the Severer, a journeyman HOFi of Trog (Snake:2)
  7 nagarajas
  6 frost giants
  2 imperial myrmidons (Desolation)
  9 vault wardens
  The ghost of Gaut the Champion of Chaos, a journeyman DDFi of Makhleb (Snake:2)
  2 iron dragons (Vaults:5)
  14 ironheart preservers
  An entropy weaver (Vaults:3)
  2 vampire knights (Depths:1)
  10 very ugly things
  4 war gargoyles
  A deep elf demonologist (Vaults:5)
  8 stone giants
  A halazid warlock (Desolation)
  6 deep elf annihilators
  Azrael (Elf:1)
  5 ettins
  A blizzard demon (Depths:1)
  3 crystal guardians (Desolation)
  Josephine (D:10)
  4 fire dragons
  4 deep elf death magi
  A deep elf high priest (Elf:3)
  7 yaktaur captains
  9 servants of whispers (Desolation)
  4 ragged hierophants (Desolation)
  2 rakshasas (Depths:1)
  2 hydras
  3 naga warriors
  7 great orbs of eyes
  18 vault guards
  3 ghost crabs
  4 peacekeepers (Desolation)
  3 catoblepae
  5 ice dragons
  A shambling mangrove (Swamp:3)
  A death knight (Vaults:3)
  Erica (D:11)
  9 centaur warriors
  34 two-headed ogres
  2 anacondas (Snake:4)
  18 dancing weapons
  9 death yaks
  5 alligators
  5 deep troll earth magi
  A deep troll shaman (Depths:1)
  A spriggan berserker (Depths:1)
  3 hell hogs (Hell)
  9 ogre magi
  A vampire mage (Vaults:3)
  8 naga sharpshooters
  An orc high priest (Orc:2)
  2 sun demons
  A shock serpent (shapeshifter) (Vaults:4)
  6 shock serpents
  2 hell knights
  4 spriggans
  16 deep elf knights
  A shadow wraith (Vaults:2)
  2 salamander mystics (Snake:4)
  A small abomination (Elf:3)
  3 soul eaters
  A death drake (Swamp:4)
  3 naga ritualists
  2 unseen horrors (D:13)
  2 skeletal warriors (Vaults:1)
  18 deep trolls
  A swamp dragon (Swamp:4)
  A glowing orange brain (shapeshifter) (Elf:1)
  2 glowing orange brains
  2 flayed ghosts
  4 spectral hydras (Swamp:4)
  A spriggan druid (Swamp:4)
  9 deep elf archers
  2 wizards
  13 ironbrand convokers
  2 orc knights (Orc:2)
  5 harpies (Vaults:2)
  An orb spider (shapeshifter) (Vaults:4)
  3 mana vipers
  2 necromancers
  A phantasmal warrior (Swamp:4)
  28 ugly things
  2 orc sorcerers
  46 deep elf magi
  A salamander (Snake:2)
  4 manticores
  A shining eye (Slime:1)
  6 cyclopes
  4 wolf spiders
  10 vault sentinels
  5 guardian serpents
  6 naga magi
  2 molten gargoyles (D:14)
  A frost giant skeleton (Hell)
  17 black mambas
  9 spiny frogs
  2 rime drakes
  3 komodo dragons
  4 kobold demonologists (D:11)
  5 swamp worm zombies (Swamp:4)
  A demonic crawler (Hell)
  A rime drake (shapeshifter) (Vaults:5)
  5 freezing wraiths
  25 yaktaurs
  An ice devil (Depths:1)
  2 hydra zombies (Swamp:4)
  A merfolk (D:9)
  2 trolls (shapeshifter)
  8 trolls
  10 polar bears
  4 tyrant leeches
  A spectral swamp dragon (Swamp:4)
  A wind drake (shapeshifter) (Vaults:1)
  A polar bear (shapeshifter) (Vaults:3)
  A tyrant leech (shapeshifter) (Vaults:5)
  A hornet (shapeshifter) (Vaults:4)
  50 saltlings (Desolation)
  6 hornets
  9 bog bodies
  21 slime creatures
  7 hippogriffs
  5 alligator zombies (Swamp:4)
  4 blink frogs
  A hydra skeleton (Hell)
  A human simulacrum (Vaults:2)
  A dream sheep (shapeshifter) (Elf:1)
  An air elemental (Elf:2)
  A tarantella (Vaults:5)
  A vampire (D:11)
  Sigmund (D:6)
  A spriggan (shapeshifter) (Vaults:3)
  3 wraiths
  A yak (shapeshifter) (Vaults:2)
  2 centaur simulacra (D:14)
  4 water elementals
  A basilisk (Lair:2)
  48 yaks
  6 fire elementals
  3 hogs (D:14)
  A hog (shapeshifter) (D:14)
  2 golden eyes (Slime:1)
  Grum (D:8)
  A fire bat (shapeshifter) (Vaults:5)
  A hungry ghost (D:8)
  15 vampire mosquitoes
  An acid dragon (D:12)
  18 insubstantial wisps
  6 swamp worms
  34 nagas
  9 wargs
  6 water moccasins
  A spiny frog zombie (Hell)
  Duvessa (D:4)
  6 hell hounds
  7 porcupines
  3 orc warriors
  2 swamp drakes
  2 ice beasts
  4 sky beasts
  9 phantoms
  4 swamp dragon zombies (Swamp:4)
  2 black bears
  22 ogres
  7 centaurs
  7 boggarts
  21 wolves
  12 crocodiles
  2 big kobolds
  A big kobold (shapeshifter) (Vaults:5)
  13 bullfrogs
  An earth elemental (Elf:1)
  A wyvern zombie (D:13)
  A gnoll sergeant (D:7)
  A water moccasin zombie (Swamp:4)
  2 wyvern skeletons
  2 jellies
  5 scorpions
  Dowan (D:4)
  16 killer bees
  3 wights (D:12)
  4 howler monkeys
  An electric eel (Lair:2)
  4 lava snakes (D:14)
  2 crimson imps
  A bullfrog zombie (D:9)
  2 centaur zombies
  6 bullfrog skeletons
  5 orc priests
  6 hounds
  8 orc wizards
  Jessica (Elf:3)
  6 centaur skeletons
  3 iguanas
  A spectral swamp drake (Swamp:4)
  11 worker ants
  A killer bee zombie (D:5)
  2 hound skeletons
  A howler monkey zombie (D:6)
  A worker ant zombie (D:9)
  11 adders
  9 gnolls
  2 swamp drake zombies (Swamp:4)
  A shadow imp (D:12)
  A white imp (Vaults:2)
  An ufetubus (Vaults:2)
  An ooze (D:1)
  5 adder zombies
  3 adder skeletons
  2 worms
  A leopard gecko (D:3)
  20 orcs
  A bat skeleton (D:2)
  A bat zombie (D:2)
  7 giant cockroaches
  10 goblins
  6 hobgoblins
  7 jackals
  4 quokkas
  A ball python (D:2)
  A ball python skeleton (D:2)
  2 ball python zombies
  6 bats
  7 frilled lizards
  A giant cockroach zombie (D:2)
  A jackal zombie (D:5)
  12 kobolds
  2 quokka skeletons
  11 rats
  A crawling corpse (Elf:3)
  3 fungi (Elf:3)
  A plant (Lair:2)
1278 creatures vanquished.

Vanquished Creatures (collateral kills)
  Mara (Snake:3)
  Vashnia (Snake:4)
  A tentacled monstrosity (Vaults:5)
  Asterion (Elf:1)
  2 liches (Depths:1)
  2 deep elf blademasters (Elf:3)
  A deep elf master archer (Elf:3)
  2 sphinxes
  A thorn hunter (Swamp:4)
  Agnes (Snake:4)
  A shadow dragon (Vaults:5)
  5 tengu reavers
  A fire giant (Vaults:4)
  The ghost of Tiyhich the Lord of Darkness, an adept DsNe of Kikubaaqudgha (Snake:2)
  The ghost of Oxezuex the Severer, a journeyman HOFi of Trog (Snake:2)
  4 frost giants
  An orc warlord (Orc:1)
  A deep elf sorcerer (Elf:3)
  A vault warden (Vaults:3)
  Louise (Swamp:1)
  3 deep elf elementalists
  6 ironheart preservers
  A war gargoyle (Vaults:5)
  6 stone giants
  6 very ugly things
  3 reapers
  Nessos (Orc:2)
  2 entropy weavers (Vaults:5)
  4 deep elf annihilators
  3 ettins (Vaults:5)
  7 deep elf death magi
  2 fire dragons
  2 great orbs of eyes (Depths:1)
  9 yaktaur captains
  4 ragged hierophants (Desolation)
  A merfolk impaler (Depths:1)
  Fannar (Lair:1)
  11 vault guards
  6 hydras
  9 naga warriors
  2 ice dragons (Depths:1)
  A peacekeeper (Desolation)
  A servant of whispers (Desolation)
  4 ogre magi
  A shambling mangrove (Swamp:3)
  3 centaur warriors
  6 anacondas
  A catoblepas (Lair:6)
  6 alligators
  7 dancing weapons
  A two-headed ogre (shapeshifter) (Vaults:5)
  2 tengu warriors (Depths:1)
  5 two-headed ogres
  4 deep troll shamans
  3 hell hogs (Hell)
  2 deep troll earth magi (Depths:1)
  A spriggan berserker (Depths:1)
  5 death yaks (Lair:6)
  An orc high priest (Orc:2)
  A vampire mage (Depths:1)
  6 naga sharpshooters
  2 sun demons (Hell)
  2 soul eaters
  2 shock serpents (Snake:4)
  3 small abominations (Elf:3)
  10 deep elf knights
  2 large abominations (Elf:3)
  A hell knight (Hell)
  2 skeletal warriors
  A salamander mystic (Snake:4)
  6 spriggans
  A quicksilver dragon simulacrum (Hell)
  2 swamp dragons
  2 naga ritualists
  2 spriggan druids
  5 deep trolls
  3 necromancers
  3 harpies (Vaults:2)
  3 phantasmal warriors (Vaults:5)
  A lindwurm (Lair:5)
  6 deep elf archers
  6 mana vipers
  24 deep elf magi
  4 ironbrand convokers
  3 orc knights
  A wolf spider (shapeshifter) (Vaults:5)
  2 orc sorcerers
  10 ugly things
  2 cyclopes
  A centaur zombie (D:15)
  2 manticores
  2 salamanders
  2 vault sentinels (Vaults:2)
  4 elephants (Lair:6)
  8 guardian serpents
  11 black mambas
  A torpor snail (shapeshifter) (Vaults:5)
  6 spiny frogs
  5 naga magi
  A gargoyle (D:13)
  A rime drake (Lair:6)
  11 yaktaurs
  4 komodo dragons
  A demonic crawler (Hell)
  2 freezing wraiths
  A yaktaur (shapeshifter) (Depths:1)
  A hydra zombie (Swamp:4)
  4 trolls
  12 hornets
  7 tyrant leeches
  9 saltlings (Desolation)
  3 blink frogs
  3 bog bodies
  6 hippogriffs
  17 slime creatures
  3 redbacks (Vaults:5)
  2 shadows
  2 water elementals
  2 air elementals
  A wraith (D:10)
  A steam dragon (Lair:4)
  A fire elemental (Elf:1)
  A human (shapeshifter) (D:13)
  10 yaks
  A fire bat (shapeshifter) (Depths:1)
  4 vampire mosquitoes
  4 swamp worms
  9 insubstantial wisps
  A warg (Orc:1)
  24 nagas
  3 porcupines
  4 hell hounds
  7 water moccasins
  6 orc warriors
  A swamp drake (Swamp:1)
  2 hornet zombies
  2 alligator simulacra (Hell)
  A black bear (D:9)
  A necrophage (D:10)
  A swamp dragon zombie (Swamp:4)
  3 wolves
  2 centaurs (D:15)
  5 ogres
  A big kobold (D:10)
  3 crocodiles
  6 bullfrogs
  An earth elemental (Elf:1)
  2 water moccasin zombies (Swamp:4)
  2 wyvern skeletons
  A wight (D:12)
  A killer bee (D:11)
  An electric eel (Lair:6)
  A lava snake (D:14)
  A jelly (D:10)
  3 orc priests
  6 orc wizards
  A worker ant (D:11)
  A hound skeleton (D:11)
  2 adders (D:11)
  2 white imps (Hell)
  14 orcs
  3 kobolds
  14 fungi
  3 plants
589 creatures vanquished.

Vanquished Creatures (others)
  A golden dragon (Vaults:5)
  5 orc warlords
  A vault warden (Vaults:1)
  An alligator (Swamp:1)
  3 orc high priests
  A sun demon (Hell)
  3 deep elf knights
  21 orc knights
  7 orc sorcerers
  27 orc warriors
  A komodo dragon (Lair:6)
  An ice devil (Hell)
  A harpy zombie (Hell)
  2 saltlings (Desolation)
  A slime creature (Depths:1)
  A yak (IceCv)
  A vampire mosquito (Swamp:1)
  A swamp worm (Swamp:1)
  A hell hound (Elf:1)
  An ogre (D:6)
  A centaur (D:13)
  A bullfrog (D:6)
  A howler monkey (D:6)
  18 orc priests
  13 orc wizards
  A shadow imp (D:6)
  49 orcs
  4 fungi
  5 plants
174 creatures vanquished.

Grand Total: 2041 creatures vanquished

Notes
Turn   | Place    | Note
-------+----------+-------------------------------------------
     0 | D:1      | Enroth the Hill Orc Fighter began the quest for the Orb.
     0 | D:1      | Reached XP level 1. HP: 19/19 MP: 1/1
    73 | D:1      | Reached skill level 3 in Axes
    73 | D:1      | Reached XP level 2. HP: 17/27 MP: 2/2
   320 | D:1      | Reached XP level 3. HP: 33/33 MP: 3/3
   972 | D:2      | Reached skill level 4 in Axes
  1050 | D:2      | Reached XP level 4. HP: 35/40 MP: 4/4
  1231 | D:2      | Found a white marble altar of Elyvilon.
  1798 | D:3      | Reached XP level 5. HP: 47/47 MP: 5/5
  1952 | D:3      | Reached skill level 5 in Axes
  2243 | D:3      | Found an ornate altar of the Wu Jian Council.
  2346 | D:3      | Gained mutation: You have large cloven feet. [potion of
                  | mutation]
  2346 | D:3      | Gained mutation: Scrolls take you a little longer to read.
                  | [potion of mutation]
  2346 | D:3      | Gained mutation: You evolve. [potion of mutation]
  2731 | D:4      | Noticed Dowan
  2734 | D:4      | Noticed Duvessa
  2753 | D:4      | Killed Dowan
  2753 | D:4      | Reached skill level 6 in Axes
  2753 | D:4      | Reached XP level 6. HP: 51/53 MP: 6/6
  2875 | D:5      | Entered Level 5 of the Dungeon
  2909 | D:5      | Noticed a sky beast
  2944 | D:4      | Got a steaming silver amulet
  2945 | D:4      | Identified the amulet "Ideifycw" {RegenMP rPois MR+ Int-4
                  | Dex+3} (You found it on level 4 of the Dungeon)
  2962 | D:4      | Became a worshipper of Beogh the Brigand
  3084 | D:4      | Noticed a phantom
  3128 | D:4      | Killed a phantom
  3128 | D:4      | Reached skill level 7 in Axes
  3128 | D:4      | Reached skill level 1 in Dodging
  3128 | D:4      | Reached XP level 7. HP: 34/60 MP: 7/7
  3313 | D:4      | Killed Duvessa
  3313 | D:4      | Reached skill level 8 in Axes
  3313 | D:4      | Reached skill level 5 in Shields
  3324 | D:4      | Found Xesunna's Food Shop.
  3343 | D:4      | Got a spiked scale mail
  3346 | D:4      | Identified the +4 scale mail of Munum {Int-4 Slay+6} (You
                  | found it on level 4 of the Dungeon)
  3419 | D:4      | Got an ancient robe
  3422 | D:4      | Identified the +2 robe "Giratiw" {+Fly rF- Slay+3 SInv}
                  | (You found it on level 4 of the Dungeon)
  3455 | D:4      | Found a sparkling altar of Nemelex Xobeh.
  3710 | D:5      | Found a radiant altar of Vehumet.
  3900 | D:5      | Found a glowing silver altar of Zin.
  4013 | D:5      | Reached skill level 9 in Axes
  4073 | D:5      | Reached XP level 8. HP: 67/67 MP: 8/8
  4080 | D:5      | Reached skill level 5 in Fighting
  4083 | D:5      | Reached * piety under Beogh
  4124 | D:5      | Found a snail-covered altar of Cheibriados.
  4124 | D:5      | Found a shimmering blue altar of Sif Muna.
  4214 | D:5      | Reached skill level 10 in Axes
  4587 | D:6      | Noticed Sigmund
  4591 | D:6      | Reached ** piety under Beogh
  4597 | D:6      | Killed Sigmund
  4597 | D:6      | Reached skill level 11 in Axes
  4603 | D:6      | Reached XP level 9. HP: 46/74 MP: 9/9
  4656 | D:6      | Found a bloodstained altar of Trog.
  4659 | D:6      | Reached skill level 12 in Axes
  4710 | D:6      | Found a shimmering altar of Xom.
  5041 | D:7      | Found a staircase to the Ecumenical Temple.
  5080 | D:7      | Found a shattered altar of Ashenzari.
  5579 | Temple   | Entered the Ecumenical Temple
  5742 | Temple   | Gained mutation: You passively map a small area around you.
                  | [evolution]
  5813 | D:8      | Reached skill level 5 in Armour
  5852 | D:8      | Reached skill level 13 in Axes
  5920 | D:8      | Found Simoetala's General Store.
  5989 | D:8      | Noticed Grum
  6004 | D:8      | Killed Grum
  6005 | D:8      | Reached *** piety under Beogh
  6037 | D:8      | Reached XP level 10. HP: 57/84 MP: 10/10
  6123 | D:8      | Found a hazy altar of Hepliaklqana.
  6151 | D:8      | Found a glowing golden altar of the Shining One.
  6216 | D:8      | Found a radiant altar of Vehumet.
  6264 | D:8      | Reached skill level 14 in Axes
  6322 | D:8      | Found a staircase to the Lair.
  6623 | D:9      | Found Xutsest's Lightly-Used Armoury.
  6933 | D:9      | Found a sparkling altar of Nemelex Xobeh.
  6934 | D:9      | Found a stormy altar of Qazlal.
  6952 | D:9      | Found a shadowy altar of Dithmenos.
  7077 | D:10     | Entered Level 10 of the Dungeon
  7101 | D:10     | Reached skill level 1 in Stealth
  7112 | D:10     | Gained Garbold as an ally
  7134 | D:10     | Reached **** piety under Beogh
  7276 | D:10     | Reached skill level 15 in Axes
  7474 | D:10     | Found a roughly hewn altar of Beogh.
  7474 | D:10     | Found a staircase to the Orcish Mines.
  7474 | D:10     | Noticed an orc knight
  7484 | D:10     | Noticed Josephine
  7497 | D:10     | Your ally Garbold died
  7497 | D:10     | Gained Urtork as an ally
  7499 | D:10     | Reached XP level 11. HP: 53/92 MP: 11/11
  7505 | D:10     | Killed Josephine
  7591 | D:10     | Gained mutation: You are partially covered in large bone
                  | plates. (SH +4) [evolution]
  7664 | D:10     | Reached skill level 16 in Axes
  7757 | D:10     | Noticed a centaur warrior
  7763 | D:10     | Killed a centaur warrior
  8013 | Lair:1   | Entered Level 1 of the Lair of Beasts
  8044 | Lair:1   | Reached ***** piety under Beogh
  8145 | Lair:1   | Noticed Fannar
  8161 | Lair:1   | Killed Fannar
  9103 | Lair:2   | Noticed a six-headed hydra
  9125 | Lair:2   | Killed a ten-headed hydra
  9125 | Lair:2   | Reached skill level 17 in Axes
  9127 | Lair:2   | Reached XP level 12. HP: 31/103 MP: 12/12
  9448 | Lair:2   | Found a staircase to the Swamp.
  9572 | Lair:3   | Noticed a five-headed hydra
  9576 | Lair:3   | Killed a five-headed hydra
  9576 | Lair:3   | Reached skill level 1 in Evocations
  9776 | Lair:3   | Identified a scroll of acquirement
  9776 | Lair:3   | Got a dazzling broad axe
  9779 | Lair:3   | Identified the +4 broad axe "Oxkaet" {drain, rElec Str+3}
                  | (You acquired it on level 3 of the Lair of Beasts)
  9834 | Lair:3   | Noticed a six-headed hydra
  9839 | Lair:3   | Killed an eight-headed hydra
  9959 | Lair:3   | Reached skill level 10 in Shields
 10448 | Lair:4   | Found a staircase to the Snake Pit.
 11307 | Lair:5   | Reached skill level 18 in Axes
 11699 | Lair:5   | Noticed a seven-headed hydra
 11704 | Lair:5   | Killed an eight-headed hydra
 11857 | Lair:5   | Found a viscous altar of Jiyva.
 11858 | Lair:5   | Found a staircase to the Slime Pits.
 12179 | Lair:6   | Entered Level 6 of the Lair of Beasts
 12203 | Lair:6   | Found a frozen archway.
 12215 | IceCv    | Entered an ice cave
 12291 | IceCv    | Reached skill level 10 in Fighting
 12338 | IceCv    | Noticed a death yak
 12348 | IceCv    | Killed a death yak
 12348 | IceCv    | Reached XP level 13. HP: 100/113 MP: 14/14
 12578 | IceCv    | Reached ****** piety under Beogh
 12736 | IceCv    | Noticed a frost giant
 12754 | IceCv    | Killed a frost giant
 12823 | Lair:6   | Reached skill level 19 in Axes
 13817 | Lair:6   | Reached XP level 14. HP: 114/125 MP: 16/16
 13830 | Lair:6   | Gained Bogdan as an ally
 14526 | Snake:1  | Entered Level 1 of the Snake Pit
 14571 | Snake:1  | Reached skill level 20 in Axes
 14571 | Snake:1  | Reached skill level 1 in Invocations
 14666 | Snake:1  | Found Heuczesu's Magic Scroll Boutique.
 14871 | Snake:1  | Found Raxoimoe's Gadget Shop.
 14873 | Snake:1  | Found Edghuloga's Book Boutique.
 14877 | Snake:1  | Bought a scroll of fear for 52 gold pieces
 14920 | Snake:1  | Found Ninaul's Antique Armour Boutique.
 14927 | Snake:1  | Bought a runed scarf for 288 gold pieces
 14927 | Snake:1  | Bought an embroidered scarf for 288 gold pieces
 15092 | Snake:1  | Gained mutation: Your muscles are strong. (Str +2)
                  | [evolution]
 15092 | Snake:1  | Lost mutation: You evolve. [end of evolution]
 15592 | Snake:1  | Got a pair of bloodstained gloves
 15598 | Snake:1  | Identified the +0 pair of gloves of Springtime {Int-2
                  | Dex+6} (You acquired it on level 1 of the Snake Pit)
 16094 | Snake:2  | Found a runed translucent gate.
 16094 | Snake:2  | Found a runed translucent gate.
 16094 | Snake:2  | Found a runed translucent gate.
 16094 | Snake:2  | Noticed Oxezuex's ghost (journeyman HOFi)
 16121 | Snake:2  | Noticed Oxezuex's ghost (journeyman HOFi)
 16121 | Snake:2  | Noticed Sysesoek's ghost (adept DEEE)
 16121 | Snake:2  | Noticed Gaut's ghost (journeyman DDFi)
 16121 | Snake:2  | Noticed Tiyhich's ghost (adept DsNe)
 16124 | Snake:2  | Found the amulet of Vitality {Regen+ HP+15}
 16638 | Snake:2  | Reached XP level 15. HP: 123/135 MP: 17/17
 16982 | Snake:3  | Noticed Mara
 16987 | Snake:3  | Noticed Enroth's illusion
 17003 | Snake:3  | Noticed Enroth's illusion
 17007 | Snake:3  | Killed Mara
 17007 | Snake:3  | Reached skill level 21 in Axes
 17064 | Snake:3  | Noticed a nagaraja
 17078 | Snake:3  | Killed a nagaraja
 17924 | Snake:4  | Entered Level 4 of the Snake Pit
 17955 | Snake:4  | Reached skill level 10 in Armour
 17986 | Snake:4  | Noticed a nagaraja
 17991 | Snake:4  | Identified the Incunabulum of Hexes and Ignition
 17993 | Snake:4  | Killed a nagaraja
 18005 | Snake:4  | Noticed Agnes
 18011 | Snake:4  | Killed Agnes
 18877 | D:11     | Gained Urtork as an ally
 19087 | D:11     | Noticed Erica
 19093 | D:11     | Killed Erica
 19541 | D:12     | Gained Judas as an ally
 19593 | D:12     | Your ally Judas died
 19656 | D:12     | Learned a level 6 spell: Deflect Missiles
 20116 | D:13     | Reached skill level 1 in Charms
 20131 | D:13     | Reached XP level 16. HP: 118/146 MP: 18/18
 20135 | D:13     | Reached skill level 15 in Shields
 20138 | D:13     | Reached skill level 1 in Spellcasting
 20141 | D:13     | Reached skill level 1 in Air Magic
 20169 | D:13     | Found a gate to the Vaults.
 20390 | D:13     | Gained Bolgrim as an ally
 21440 | D:14     | Noticed Kirke
 21451 | D:14     | Killed Kirke
 21451 | D:14     | Reached skill level 22 in Axes
 21714 | D:15     | Entered Level 15 of the Dungeon
 22249 | D:15     | Found a staircase to the Depths.
 22704 | D:15     | Lost mutation: You have large cloven feet. [potion of
                  | mutation]
 22704 | D:15     | Lost mutation: Your muscles are strong. (Str +2) [potion of
                  | mutation]
 22704 | D:15     | Lost mutation: Scrolls take you a little longer to read.
                  | [potion of mutation]
 22704 | D:15     | Gained mutation: You expend magic power (3 MP) to
                  | strengthen your wands. [potion of mutation]
 22704 | D:15     | Gained mutation: You have large cloven feet. [potion of
                  | mutation]
 22704 | D:15     | Gained mutation: You are agile. (Dex +2) [potion of
                  | mutation]
 22950 | Swamp:1  | Entered Level 1 of the Swamp
 22958 | Swamp:1  | Noticed Louise
 22963 | Swamp:1  | Killed Louise
 22975 | Swamp:1  | Noticed Nikola
 22998 | Swamp:1  | Killed Nikola
 23078 | Swamp:1  | Noticed a thorn hunter
 23086 | Swamp:1  | Killed a thorn hunter
 23195 | Swamp:1  | Reached XP level 17. HP: 145/154 MP: 21/21
 23689 | Swamp:1  | Upgraded the game from 0.25-a0-160-gd1d2e81aba to
                  | 0.25-a0-163-g00f8f0cddd
 23777 | Swamp:2  | Found a stormy altar of Qazlal.
 24606 | Swamp:3  | Reached skill level 15 in Fighting
 24895 | Swamp:3  | Noticed Jorgrun
 24909 | Swamp:3  | Killed Jorgrun
 25070 | Swamp:4  | Entered Level 4 of the Swamp
 25874 | Swamp:4  | Reached skill level 23 in Axes
 26508 | Swamp:4  | Noticed a bone dragon
 26531 | Swamp:4  | Killed a bone dragon
 26552 | Swamp:4  | Got a decaying rune of Zot
 26909 | Snake:2  | Killed Sysesoek's ghost
 26911 | Snake:2  | Killed Oxezuex's ghost
 26911 | Snake:2  | Reached skill level 5 in Charms
 26919 | Snake:2  | Killed Gaut's ghost
 26919 | Snake:2  | Gained Warrok as an ally
 26919 | Snake:2  | Reached XP level 18. HP: 163/163 MP: 23/25
 26934 | Snake:2  | Killed Tiyhich's ghost
 27068 | Snake:2  | Killed Oxezuex's ghost
 27104 | Snake:4  | Reached skill level 1 in Maces & Flails
 27129 | Snake:4  | Noticed Vashnia
 27131 | Snake:4  | Your ally Urtork died
 27136 | Snake:4  | Reached skill level 5 in Air Magic
 27138 | Snake:4  | Your ally Warrok died
 27340 | Snake:4  | Reached skill level 5 in Spellcasting
 27381 | Snake:4  | Killed Vashnia
 27777 | Snake:4  | Got a serpentine rune of Zot
 28091 | Orc:1    | Entered Level 1 of the Orcish Mines
 28221 | Orc:2    | Entered Level 2 of the Orcish Mines
 28221 | Orc:2    | Noticed Nessos
 28235 | Orc:2    | Killed Nessos
 28304 | Orc:2    | Found a staircase to the Elven Halls.
 28310 | Orc:2    | Gained Spirok as an ally
 28661 | Orc:2    | Found Ebla's Jewellery Boutique.
 28683 | Orc:2    | Gained Blodwig as an ally
 28684 | Orc:2    | Gained Gorg as an ally
 28694 | Orc:2    | Found Ikithoss's Jewellery Emporium.
 28696 | Orc:2    | Found Fudumn's Jewellery Boutique.
 28697 | Orc:2    | Found Zasuj's Antique Armour Emporium.
 28717 | Orc:2    | Bought a runed scarf for 192 gold pieces
 28719 | Orc:2    | Bought the ring "Geongeasch" {MP+9 Dex+3} for 499 gold
                  | pieces
 28904 | Orc:1    | Paralysed by an orc sorcerer for 4 turns
 29279 | Elf:1    | Entered Level 1 of the Elven Halls
 29287 | Elf:1    | Gained Marbaugh as an ally
 29303 | Elf:1    | Noticed Azrael
 29318 | Elf:1    | Killed Azrael
 29374 | Elf:1    | Noticed Asterion
 29393 | Elf:1    | Killed Asterion
 29451 | Elf:1    | Identified Roxanne's Disquisition on Transmigration
 29451 | Elf:1    | Noticed Roxanne
 29464 | Elf:1    | Killed Roxanne
 30114 | Elf:2    | Your ally Bolgrim died
 30116 | Elf:2    | Your ally Blodwig died
 30121 | Elf:2    | Your ally Gorg died
 30124 | Elf:2    | Reached XP level 19. HP: 124/172 MP: 22/27
 30128 | Elf:2    | Gained Gorm as an ally
 30130 | Elf:2    | Gained Gorbash as an ally
 30559 | Elf:2    | Found a runed translucent gate.
 30559 | Elf:2    | Found a runed translucent gate.
 30560 | Elf:2    | Found a runed translucent gate.
 30825 | Elf:2    | Reached skill level 5 in Stealth
 30954 | Elf:3    | Entered Level 3 of the Elven Halls
 31203 | Elf:3    | Gained Arbeogh as an ally
 31228 | Elf:3    | Your ally Gorm died
 31231 | Elf:3    | Reached skill level 24 in Axes
 31233 | Elf:3    | Your ally Gorbash died
 31242 | Elf:3    | Your ally Blodwig died
 31246 | Elf:3    | Your ally Spirok died
 31250 | Elf:3    | Your ally Marbaugh died
 31254 | Elf:3    | Your ally Arbeogh died
 31256 | Elf:3    | Gained Hilgar as an ally
 31373 | Elf:3    | Your ally Gorbash died
 31581 | Elf:3    | Noticed Jessica
 31588 | Elf:3    | Killed Jessica
 31589 | Elf:3    | Found a shimmering blue altar of Sif Muna.
 31736 | Elf:3    | Identified the +4 morningstar "Emitaaf" {antimagic, MR+}
 31803 | Elf:3    | Got a sparkling jade ring
 31857 | Elf:3    | Got a bloodstained leather armour
 31861 | Elf:3    | Got a dazzling battleaxe
 31871 | Elf:3    | Got a steaming leather armour
 31893 | Elf:3    | Got a vibrating platinum ring
 31894 | Elf:3    | Identified Zuimnyf's Incunabulum of Bewitchment and
                  | Translocation
 31900 | Elf:3    | Got a bloodstained chain mail
 31912 | Elf:3    | Identified the +9 battleaxe "Zutwee" {chop, rPois rF+
                  | Str+4} (You found it on level 3 of the Elven Halls)
 31913 | Elf:3    | Identified the +0 leather armour "Louty" {MR+ Regen+} (You
                  | found it on level 3 of the Elven Halls)
 31914 | Elf:3    | Identified the cursed +1 leather armour of Kith {+Inv rF-
                  | rCorr SInv} (You found it on level 3 of the Elven Halls)
 31915 | Elf:3    | Identified the +1 chain mail "Myicuuz" {rF+} (You found it
                  | on level 3 of the Elven Halls)
 31916 | Elf:3    | Identified the ring of Edwuakot {rC+ MP+9} (You found it on
                  | level 3 of the Elven Halls)
 31917 | Elf:3    | Identified the ring of Immorality {Wiz rC+ Str+3 Slay+3}
                  | (You found it on level 3 of the Elven Halls)
 32164 | Vaults:1 | Entered Level 1 of the Vaults
 32196 | Vaults:1 | Found a ruined gateway.
 32205 | Desolati | Entered the Desolation of Salt
 32223 | Desolati | Got a transparent leather armour
 32260 | Desolati | Got a scintillating turquoise ring
 32348 | Desolati | Found the +5 robe of Misfortune {*Contam Harm *Corrode
                  | *Drain *Slow EV+5}
 32353 | Desolati | Reached XP level 20. HP: 182/182 MP: 28/30
 32374 | Desolati | Got a wavering copper ring
 32378 | Desolati | Identified the Guide on Enchantment and the Snowflakes
 32385 | Desolati | Got a twitching jade ring
 32406 | Desolati | Gained Wulfoc as an ally
 32459 | Desolati | Got a brightly glowing platinum ring
 32741 | Desolati | Gained Arbolt as an ally
 32857 | Desolati | Identified the Incunabulum of Supportive Flames
 32996 | Vaults:1 | Identified the ring "Gyegh" {Ice +Inv MP+9} (You found it
                  | in the Desolation of Salt)
 32997 | Vaults:1 | Identified the ring of Bydum {+Blink Dex+4 Stlth+} (You
                  | found it in the Desolation of Salt)
 32998 | Vaults:1 | Identified the ring of Ugyoh {MR+ Dex+4 Slay+3} (You found
                  | it in the Desolation of Salt)
 32999 | Vaults:1 | Identified the ring "Gyclolec" {+Inv EV+4 Str-3 Dex+2} (You
                  | found it in the Desolation of Salt)
 33016 | Vaults:1 | Identified the +3 leather armour "Fenio" {MR- rCorr SInv}
                  | (You found it in the Desolation of Salt)
 33850 | Vaults:1 | Upgraded the game from 0.25-a0-163-g00f8f0cddd to
                  | 0.25-a0-166-g16436c4407
 33950 | Vaults:2 | Gained Gorm as an ally
 34183 | Vaults:2 | Gained Geork as an ally
 34190 | Vaults:2 | Reached skill level 25 in Axes
 34436 | Vaults:2 | Reached XP level 21. HP: 190/190 MP: 32/32
 34556 | Vaults:2 | Got a scorched scale mail
 34557 | Vaults:2 | Identified the +2 scale mail of Exclusion {rElec Int+2
                  | Dex+4} (You found it on level 2 of the Vaults)
 34682 | Vaults:2 | Found Pyaneef's Armour Boutique.
 35063 | Vaults:3 | Found a staircase to the Crypt.
 35378 | Vaults:3 | Gained Alork as an ally
 35703 | Vaults:3 | Gained Morbeogh as an ally
 35722 | Vaults:3 | Your ally Morbeogh died
 35738 | Vaults:3 | Your ally Alork died
 36229 | Vaults:4 | Found a portal to a secret trove of treasure.
 36258 | Vaults:4 | You paid a toll of 16 potions of curing to enter a treasure
                  | trove
 36259 | Trove    | Entered a treasure trove
 36267 | Trove    | Got a smoking cloak
 36280 | Trove    | Got a shimmering golden amulet
 36282 | Trove    | Got a crude bone ring
 36284 | Trove    | Got a coiled bone ring
 36286 | Trove    | Got a shimmering shield
 36288 | Trove    | Got a bound turquoise ring
 36325 | Vaults:3 | Identified the +4 cloak of Classification {rF- Int+5} (You
                  | found it in a treasure trove)
 36345 | Vaults:3 | Identified the +1 shield "Merhasm" {rF++ Regen+ MP-9 Int+4}
                  | (You found it in a treasure trove)
 36372 | Vaults:3 | Identified the amulet of the Devil's Team {Reflect rElec
                  | MP+9 SH+4} (You found it in a treasure trove)
 36376 | Vaults:3 | Identified the ring "Dij Ludy" {rN+ MR+ Str+2} (You found
                  | it in a treasure trove)
 36378 | Vaults:3 | Identified the ring of Nianlonuva {MP+9 Str+4 Dex+3} (You
                  | found it in a treasure trove)
 36380 | Vaults:3 | Identified the ring "Ihicoan" {rC- Int+2 Dex+4 Slay+2} (You
                  | found it in a treasure trove)
 36460 | Vaults:4 | Found Toaretra's Armour Emporium.
 37001 | Vaults:4 | Reached XP level 22. HP: 201/201 MP: 25/34
 37035 | Vaults:4 | Gained Orgrim as an ally
 37160 | Vaults:4 | Reached skill level 26 in Axes
 37563 | Vaults:5 | Entered Level 5 of the Vaults
 37603 | Vaults:4 | Found the +8 mithril axe "Arga" {speed, MR+}
 37630 | Vaults:5 | Gained Korbok as an ally
 37780 | Vaults:5 | Your ally Gorm died
 37792 | Vaults:5 | Your ally Hilgar died
 37795 | Vaults:5 | Your ally Orgrim died
 37796 | Vaults:5 | Your ally Arbolt died
 37805 | Vaults:5 | Gained Horkud as an ally
 37805 | Vaults:5 | Your ally Bogdan died
 37807 | Vaults:5 | Your ally Horkud died
 37836 | Vaults:5 | Identified the +9 quarterstaff of the Inferno {venom,
                  | Dex+4}
 37856 | Vaults:5 | Your ally Korbok died
 37964 | Vaults:5 | Identified the ring "Puvua" {rCorr Int+5 SInv}
 38119 | Vaults:5 | Your ally Wulfoc died
 38218 | Vaults:5 | Got a silver rune of Zot
 38248 | Vaults:5 | Got a slimy broad axe
 38249 | Vaults:5 | Identified the +1 broad axe of Unreason {venom, Int+4} (You
                  | acquired it on level 5 of the Vaults)
 38526 | Vaults:5 | Noticed a golden dragon
 38536 | Vaults:5 | Banished a golden dragon
 38586 | Vaults:5 | Reached XP level 23. HP: 160/211 MP: 18/35
 38587 | Vaults:5 | Noticed a golden dragon
 38594 | Vaults:5 | Killed a golden dragon
 38879 | Vaults:5 | Noticed a golden dragon
 38894 | Vaults:5 | Killed a golden dragon
 38907 | Vaults:5 | Got an ivory spear
 38935 | Vaults:5 | Identified the +10 spear "Doinymia" {pierce, *Contam rPois
                  | Int+4 Dex+3} (You found it on level 5 of the Vaults)
 38937 | Vaults:5 | Reached skill level 10 in Charms
 38937 | Vaults:5 | Reached XP level 24. HP: 218/218 MP: 26/36
 38941 | Vaults:5 | Learned a level 2 spell: Shroud of Golubria
 39121 | Vaults:5 | Found the +2 ratskin cloak {+Rats rPois rN+ Str-1 Int-1
                  | Dex+1}
 39148 | Vaults:5 | Identified the Almanac of the Arsonist and Darkness
 39341 | Vaults:5 | Identified the +5 longbow "Ynukonui" {freeze, Int+3}
 39357 | Vaults:5 | Learned a level 3 spell: Regeneration
 39425 | Vaults:5 | Learned a level 8 spell: Necromutation
 39660 | Depths:1 | Entered Level 1 of the Depths
 39698 | Depths:1 | Noticed Sojobo
 39716 | Depths:1 | Reached skill level 1 in Necromancy
 39727 | Depths:1 | Killed Sojobo
 39727 | Depths:1 | Reached skill level 1 in Transmutations
 39731 | Depths:1 | Reached skill level 27 in Axes
 39736 | Depths:1 | Your ally Urtork died
 40162 | Depths:1 | Got a fine helmet
 40163 | Depths:1 | Identified the cursed -5 helmet of the Orb {+Inv} (You
                  | found it on level 1 of the Depths)
 40216 | Depths:1 | Found a shadowy altar of Dithmenos.
 40216 | Depths:1 | Found an ornate altar of the Wu Jian Council.
 40216 | Depths:1 | Found a sparkling altar of Nemelex Xobeh.
 40217 | Depths:1 | Found a hazy altar of Hepliaklqana.
 40374 | Depths:1 | Found a gateway to Hell.
 40400 | Depths:1 | Reached XP level 25. HP: 225/227 MP: 25/36
 40629 | Depths:1 | Paralysed by a vampire knight for 7 turns
 40875 | Depths:1 | Upgraded the game from 0.25-a0-166-g16436c4407 to
                  | 0.25-a0-287-g56a5b49892
 40934 | Depths:1 | Got a smelly leather armour
 40935 | Depths:1 | Identified the +2 leather armour "Ajavech" {Str+4} (You
                  | found it on level 1 of the Depths)
 41603 | Slime:1  | Entered Level 1 of the Pits of Slime
 41614 | Slime:1  | Gained mutation: You are weak. (Str -2) [a shining eye]
 41883 | Orc:2    | Bought the cursed ring of Peace {*Drain rF+ MR+ Str+3
                  | Dex-3} for 268 gold pieces
 42099 | Hell     | Entered the Vestibule of Hell
 42099 | Hell     | Noticed Geryon
 42122 | Hell     | Your ally Wulfoc died
 42213 | Hell     | Reached XP level 26. HP: 230/236 MP: 25/36
 42217 | Hell     | Reached skill level 5 in Necromancy
 42221 | Hell     | Your ally Geork died
 42223 | Hell     | Noticed Murray
 43055 | Hell     | Killed Murray
 43056 | Hell     | HP: 10/252 [hell beast[Geryon] (13)]
 43058 | Hell     | Slain by a hell beast

Levels and vault maps discovered:
D:1:      saegor_arrival_miasma, layout_basic
D:2:      layout_basic, serial_undead, serial_undead_c, serial_undead_a,
          serial_undead_a, serial_undead_d, first_ration, serial_bayou_pond_d,
          elyvilon_altar_4
D:3:      minmay_evil_eye, layout_basic, overflow_temple_1_default,
          kennysheep_cluttered_room
D:4:      layout_basic, serial_shops, nicolae_shop_window_shopping,
          nemelex_lonely_heart_becter, uniq_duvessa
D:5:      layout_basic, zin_statuary, lemuel_round_altar,
          gammafunk_temple_overflow_wave
D:6:      layout_gridville, bloody_trog, xom_confusion_cloud, uniq_sigmund
D:7:      layout_basic, old_standard_altar, temple_pool_b
D:8:      layout_loops_ring, nicolae_overflow_crystal_walls, tso_metal_star,
          grunt_lair_entry_orc_guard_hut, basic_altar, serial_shops,
          nicolae_shop_stone, uniq_grum
D:9:      layout_long_grid, gammafunk_temple_overflow_statue,
          nicolae_overflow_hidden_temple, hangedman_fish_farm,
          minmay_misc_feat_tower, minmay_shop_damaged, minmay_circle_x
D:10:     layout_irregular_city, david_orc_5, minivault_10, uniq_josephine
D:11:     layout_gridville, st_stairs_12, uniq_erica
D:12:     layout_rooms
D:13:     layout_long_grid, hangedman_vaults_entry_quadrant_bands
D:14:     cheibrodos_magma_flow, layout_irregular_city, hex_tiny,
          kennysheep_just_a_vault, uniq_kirke
D:15:     grunt_enter_depths_snipers, layout_long_grid,
          hangedman_decor_slide_cut
Temple:   dpeg_chambers_temple
Lair:1:   layout_big_grid, uniq_fannar
Lair:2:   layout_layer_cave, nicolae_swamp_entry_splash_gauntlet
Lair:3:   layout_hall_layers
Lair:4:   layout_small_grid, minmay_snake_entry_guardpost_large
Lair:5:   layout_long_grid, slime_altar_1, grunt_megastairs_2, lemuel_fruit_tree
Lair:6:   evilmike_catoblepas_cave, layout_layer_cave, portal_ice_cave_rime,
          grunt_forest_small_clearings, nicolae_lair_grove_arrangements,
          serial_bayou_lagoon_a
Swamp:1:  layout_falls_marsh, nicolae_swamp_very_dense_foliage, uniq_nikola,
          uniq_louise
Swamp:2:  layout_basic_swamp, basic_altar
Swamp:3:  layout_basic_swamp, evilmike_swamp_ruin_house_5, swamp_pool3,
          uniq_jorgrun
Swamp:4:  swamp_pestilence, layout_basic_swamp, nicolae_swamp_necromancer_hut,
          infiniplex_staircase_pool
Snake:1:  layout_layer_cave, special_room, serial_shops,
          nicolae_shop_temple_entry_statues_fountains, grunt_megastairs_4,
          minmay_shop_star
Snake:2:  layout_rooms, gammafunk_ghost_cemetery
Snake:3:  layout_honeycomb, serial_bayou_shore_b, uniq_mara
Snake:4:  johnstein_snake_rune_scales, layout_rooms, uniq_agnes
Slime:1:  layout_caves
Orc:1:    layout_caves
Orc:2:    st_orc_elflike, layout_caves, uniq_nessos
Elf:1:    elf_arrival_001, layout_loops_cross, hangedman_elf_represent,
          dk_noncrumbling_4, uniq_roxanne, uniq_asterion, uniq_azrael
Elf:2:    layout_geoelf_diagonals
Elf:3:    minmay_elf_hall, layout_geoelf_octagon, tgw_sif
Vaults:1: v_pattern_2, nicolae_vaults_border_crossing,
          hangedman_vaults_stretched_pinwheel, nicolae_vaults_ninety_degrees,
          nicolae_vaults_little_squares_2, vaults_mumra_hexcomb,
          nicolae_vaults_mini_display_case, layout_vaults_omnicross,
          portal_desolation_entry_nicolae_slug
Vaults:2: ontoclasm_vaults_echo, hangedman_vaults_slither,
          nicolae_vaults_specimen_jars, nicolae_vaults_circle_grid_a,
          vaults_standard_mumra_x, v_misc_15, nicolae_vaults_ring_of_whatevers,
          serial_ice_b, dpeg_vaults_monster_box, layout_vaults_chaotic_city
Vaults:3: dpeg_vaults_waves, minmay_crypt_entry_simple_corners,
          nicolae_vaults_network_quinsquares
          [nicolae_vaults_network_quincunx_subvault,
          nicolae_vaults_network_quincunx_subvault,
          nicolae_vaults_network_quincunx_subvault,
          nicolae_vaults_network_quincunx_subvault], hangedman_vaults_impose,
          v_misc_23, hangedman_vaults_stagger, vaults_standard_mumra_lines,
          hangedman_vaults_nails, nicolae_vaults_alarming,
          nicolae_vaults_little_ls, ontoclasm_vaults_hangar,
          grunt_vaults_diagonal, nicolae_vaults_circle_grid_b,
          layout_vaults_ring
Vaults:4: v_rooms_6, hangedman_vaults_locks, vaults_mumra_chevron, v_misc_17,
          nicolae_vaults_stairing_the_circle, vaults_room_stairs_pillars,
          nicolae_vaults_diagonal_hallway_7, ontoclasm_vaults_chip,
          layout_vaults_quadrants, nicolae_trove_entry_free_sample,
          serial_shops, shop
Vaults:5: serial_shops
Depths:1: minmay_the_grid_octo_tiled_squarecenter_mashed
          [minmay_the_grid_octo_checkered, minmay_the_grid_octo_clover_2,
          minmay_the_grid_octo_clover, minmay_the_grid_octo_shrine,
          minmay_the_grid_square_5x5_megaprize_diamond,
          minmay_the_grid_square_5x5_six, minmay_the_grid_square_5x5_checkered,
          minmay_the_grid_square_5x5_hollow_slash,
          minmay_the_grid_square_5x5_n_small], layout_cave_pools, hell_entry,
          roderic_serpentine_path, minmay_variable_closet,
          statue_in_the_mist_lemuel, chequers_serial_rivers_micro_d,
          grunt_ministairs_3, minmay_misc_feat_doors, corexii_leaking_fountain,
          nicolae_lava_and_water, drop_trap, kennysheep_generic_room_7,
          uniq_sojobo
Hell

Skill      XL: |  1  2  3  4  5  6  7  8  9 10 11 12 13 14 15 16 17 18 19 20 21 22 23 24 25 26 |
---------------+-------------------------------------------------------------------------------+-----
Axes           | 3 4 6 7 9 11 13 15 17 18 19 20 21 22 23 24 25 26 27 | 27.0
Fighting       | 4 5 6 7 8 10 11 13 14 15 16 17 18 19 | 19.4
Shields        | 4 5 6 8 9 10 12 13 14 15 16 17 18 19 20 | 20.3
Armour         | 4 5 6 7 8 9 10 11 12 | 12.3
Dodging        | 1 2 3 |  3.4
Stealth        | 1 2 3 4 5 6 7 8 9 |  9.0
Evocations     | 2 3 |  3.5
Invocations    | 1 2 3 |  3.3
Charms         | 1 3 5 6 7 8 9 10 | 10.0
Spellcasting   | 3 4 5 6 7 8 9 |  9.9
Air Magic      | 3 4 5 6 8 9 |  9.4
Maces & Flails | 2 |  2.0
Necromancy     | 4 5 |  5.2
Transmutations | 3 |  3.9

Action                   |  1- 3 |  4- 6 |  7- 9 | 10-12 | 13-15 | 16-18 | 19-21 | 22-24 | 25-27 || total
-------------------------+-------+-------+-------+-------+-------+-------+-------+-------+-------++-------
Melee: War axe           |   110 |   168 |   200 |   258 |       |       |       |       |       ||   736
       Kick              |       |    26 |    60 |    69 |       |       |       |       |       ||   155
       Broad axe         |       |       |       |   123 |   574 |   893 |   891 |   569 |   138 ||  3188
       Morningstar       |       |       |       |       |       |    29 |       |       |       ||    29
 Cast: Shroud of Golubri |       |       |       |       |       |       |       |     4 |     2 ||     6
Invok: Convert to Beogh  |       |     1 |       |       |       |       |       |       |       ||     1
       Recall Orcish Fol |       |       |       |     5 |     4 |     6 |     5 |     8 |     3 ||    31
       Give Item to Name |       |       |       |     1 |     1 |     1 |     3 |     4 |       ||    10
       Stop Recall       |       |       |       |       |       |     1 |       |       |       ||     1
       Resurrection      |       |       |       |       |       |     2 |     2 |     2 |       ||     6
Evoke: Wand              |       |       |       |    17 |     6 |     9 |     1 |       |       ||    33
  Use: Scroll            |     3 |     2 |     7 |    12 |    19 |    16 |    20 |    11 |     1 ||    91
       Potion            |       |     8 |     2 |     1 |     5 |     4 |       |     3 |     3 ||    26
 Stab: Distracted        |       |       |       |       |     5 |    12 |    14 |    10 |     2 ||    43
       Sleeping          |       |       |       |       |     3 |     5 |    23 |     5 |       ||    36
       Paralysed         |       |       |       |       |       |     1 |     1 |       |       ||     2
  Eat: Chunk             |       |     7 |     3 |    20 |    14 |    19 |    16 |     8 |       ||    87
       Ration            |       |       |     2 |       |     3 |     4 |     2 |     1 |     3 ||    15
Armor: Scale mail        |    82 |    60 |    41 |    69 |    97 |   153 |    82 |   106 |    29 ||   719
       Skin              |       |     4 |       |       |       |       |       |       |       ||     4
       Gold dragon scale |       |       |       |       |       |       |       |       |    69 ||    69
Dodge: Dodged            |    34 |    20 |    35 |    54 |    77 |   104 |    84 |   116 |    78 ||   602
Block: Shield            |    53 |       |       |       |       |       |    36 |   457 |   217 ||   763
       Large shield      |    35 |   144 |   142 |   337 |   639 |   975 |   811 |       |       ||  3083

Table legend:
 A = Non-vault XP
 B = Vault XP
 C = Vault XP percentage of total XP
 D = Non-vault monster count
 E = Vault monster count
 F = Vault count percentage of total count
                 A         B        C        D         E       F
            +---------+---------+-------+---------+---------+-------
      Total |  415208 |  440646 |  51.5 |    1178 |     679 |  36.6
            +---------+---------+-------+---------+---------+-------
        D:1 |      45 |       0 |   0.0 |      18 |       0 |   0.0
        D:2 |      58 |      18 |  23.7 |      15 |       7 |  31.8
        D:3 |     184 |       2 |   1.1 |      29 |       1 |   3.3
        D:4 |     452 |     205 |  31.2 |      15 |       2 |  11.8
        D:5 |     809 |       0 |   0.0 |      34 |       0 |   0.0
        D:6 |     544 |     401 |  42.4 |      19 |       4 |  17.4
        D:7 |     879 |       0 |   0.0 |      19 |       0 |   0.0
        D:8 |     620 |     873 |  58.5 |       8 |       7 |  46.7
        D:9 |     843 |     412 |  32.8 |      17 |       3 |  15.0
       D:10 |    3333 |    1732 |  34.2 |      31 |      11 |  26.2
       D:11 |    4664 |     661 |  12.4 |      37 |       3 |   7.5
       D:12 |    3244 |       0 |   0.0 |      23 |       0 |   0.0
       D:13 |    9325 |    5360 |  36.5 |      32 |      15 |  31.9
       D:14 |    4559 |    4886 |  51.7 |      20 |      12 |  37.5
       D:15 |   18052 |    2262 |  11.1 |      35 |       3 |   7.9
     Lair:1 |    1972 |     642 |  24.6 |      12 |       1 |   7.7
     Lair:2 |    4390 |     350 |   7.4 |      25 |       3 |  10.7
     Lair:3 |    4627 |       0 |   0.0 |      20 |       0 |   0.0
     Lair:4 |    1864 |     522 |  21.9 |       8 |       4 |  33.3
     Lair:5 |    2614 |     461 |  15.0 |       9 |       2 |  18.2
     Lair:6 |    9629 |   10911 |  53.1 |      32 |      25 |  43.9
    Swamp:1 |   12515 |    5043 |  28.7 |      43 |       2 |   4.4
    Swamp:2 |   10622 |       0 |   0.0 |      32 |       0 |   0.0
    Swamp:3 |   14691 |    2261 |  13.3 |      39 |       1 |   2.5
    Swamp:4 |   10639 |   17561 |  62.3 |      30 |      51 |  63.0
    Snake:1 |   13620 |     488 |   3.5 |      34 |       2 |   5.6
    Snake:2 |   13934 |    6510 |  31.8 |      33 |       5 |  13.2
    Snake:3 |   10999 |    3996 |  26.6 |      25 |       1 |   3.8
    Snake:4 |    9395 |   30824 |  76.6 |      19 |      57 |  75.0
    Slime:1 |    2946 |       0 |   0.0 |       7 |       0 |   0.0
      Orc:1 |    3833 |       0 |   0.0 |      20 |       0 |   0.0
      Orc:2 |    1678 |    4384 |  72.3 |      18 |      10 |  35.7
      Elf:1 |   10101 |   14255 |  58.5 |      21 |      24 |  53.3
      Elf:2 |   17285 |   16851 |  49.4 |      37 |      28 |  43.1
      Elf:3 |   16050 |   23048 |  58.9 |      33 |      20 |  37.7
   Vaults:1 |   20855 |   14925 |  41.7 |      32 |      22 |  40.7
   Vaults:2 |   22353 |   17312 |  43.6 |      42 |      27 |  39.1
   Vaults:3 |   40765 |   26940 |  39.8 |      61 |      33 |  35.1
   Vaults:4 |   35810 |   21181 |  37.2 |      49 |      25 |  33.8
   Vaults:5 |   14797 |   98250 |  86.9 |      25 |      81 |  76.4
   Depths:1 |   48777 |   44354 |  47.6 |      95 |      37 |  28.0
       Hell |   10836 |    4593 |  29.8 |      25 |      10 |  28.6
      IceCv |       0 |   10934 | 100.0 |       0 |      44 | 100.0
 Desolation |       0 |   47238 | 100.0 |       0 |      96 | 100.0
            +---------+---------+-------+---------+---------+-------
